 Dungeon Crawl Stone Soup version 0.30.0-29-ga12c61a403 (webtiles) character file.

Game seed: 8549292163068855533

2 ChadusMaximus the Caller (level 1, 0/13 HPs)
             Began as a Barachi Summoner on June 24, 2023.
             Slain by a quokka (5 damage)
             ... on level 1 of the Dungeon.
             The game lasted 00:00:22 (87 turns).

ChadusMaximus the Caller (Barachi Summoner)           Turns: 87, Time: 00:00:22

Health: 0/13       AC:  2    Str:  9    XL:     1   Next: 30%
Magic:  1/3        EV: 12    Int: 15    God:
Gold:   2          SH:  0    Dex: 12    Spells: 3/4 levels left

rFire   . . .        (no weapon)
rCold   . . .        (no shield)
rNeg    . . .        a - +0 robe
rPois   .            (no helmet)
rElec   .            (no cloak)
rCorr   .            (no gloves)
SInv    .            (no boots)
Will    .....        (no amulet)
Stlth   ++           (no ring)
HPRegen 0.22/turn    (no ring)
MPRegen 0.08/turn

%: no passive effects
@: unable to hop, slow
A: amphibious, slowness 1, strong legs 1, +LOS
a: Hop


You were on level 1 of the Dungeon.
You visited 1 branch of the dungeon, and saw 1 of its levels.

You collected 2 gold pieces.

Inventory:

Armour
 a - a +0 robe (worn)
Potions
 b - a potion of magic
 c - a potion of curing {unknown}


   Skills:
 - Level 2.1 Dodging
 - Level 1.7 Stealth
 + Level 2.2 Spellcasting
 * Level 4.9 Summonings


You had 3 spell levels left.
You knew the following spells:

 Your Spells              Type           Power      Damage    Failure   Level
a - Summon Small Mammal   Summ           64%        N/A       2%          1

Your spell library contained the following spells:

 Spells                   Type           Power      Damage    Failure   Level
 Call Imp                 Summ           32%        N/A       4%          2
 Call Canine Familiar     Summ           16%        N/A       9%          3
 Summon Guardian Golem    Hex/Summ       9%         N/A       24%         3
 Summon Lightning Spire   Summ/Air       9%         N/A       61%         4


Dungeon Overview and Level Annotations

Branches:
Dungeon (1/15)

Altars:


Innate Abilities, Weirdness & Mutations

You are amphibious.
You cover ground slowly.
You can hop short distances.
You have an extended range of vision and can be seen from far away.


Message History

The hobgoblin dies!
Unknown command.
Your bat barely misses the rat.
The rat bites your bat.
Your bat dies!
Your bat's corpse disappears in a puff of smoke!
The quokka bites you.
* * * LOW HITPOINT WARNING * * *
Unknown command.
Hop to where?
Press: ? - help, Dir - move target Boing!
Your quokka bites the quokka.
Casting: Summon Small Mammal (safe; 3% risk of failure)
Confirm with . or Enter, or press ? or * to list all spells.
Your quokka barely misses the rat.
The rat bites your quokka.
Your bat hits the quokka. The quokka misses your bat.
Your quokka barely misses the rat.
Your bat hits the quokka. The rat closely misses your quokka.
Your bat closely misses the quokka.
Your bat barely misses the quokka.
The quokka completely misses your bat.
Your quokka bites the rat.
The rat barely misses your quokka.
Your bat closely misses the quokka.
Your quokka misses the rat. Your quokka misses the rat.
The rat closely misses your quokka.
Casting: Summon Small Mammal (safe; 3% risk of failure)
Confirm with . or Enter, or press ? or * to list all spells.
Your bat disappears in a puff of smoke!
The quokka closely misses your quokka.
Your quokka bites the rat.
The rat dies!
The quokka barely misses your quokka.
The quokka bites your quokka but does no damage.
Your quokka closely misses the quokka.
The quokka bites your quokka.
Your quokka dies!
Your quokka's corpse disappears in a puff of smoke!
Your quokka barely misses the quokka.
The quokka attacks as you move away! The quokka completely misses you.
The quokka closely misses you.
You closely miss the quokka.
The quokka is severely wounded.
The quokka bites you.
You die...

...#'##...#...#...#
.....##.§§#...#...#
..P.P.#≈≈§#§≈≈#§≈§#
8.....#§≈≈#§≈≈#≈≈§#
P....P#≈§≈#≈≈≈#§≈§#
.....##≈§≈#≈≈≈#≈§≈#
..P###§≈≈§#≈≈§#§§§#
''##≈≈§§≈§#§≈≈≈≈≈.#
PP≈≈§§§§§§§≈≈≈rr@.#
PP§≈≈≈§≈≈§§§.....##
P.≈≈≈...§.§....###
.P.........#####
...P..######
†######. .........
......### ..()..#


You could see a quokka (ally target) and a friendly quokka (summoned).

Vanquished Creatures (collateral kills)
  A hobgoblin (D:1)
  A rat (D:1)
2 creatures vanquished.

Notes
Turn   | Place    | Note
-------+----------+-------------------------------------------
     0 | D:1      | ChadusMaximus the Barachi Summoner began the quest for the
                  | Orb.
     0 | D:1      | Reached XP level 1. HP: 13/13 MP: 3/3
    87 | D:1      | Slain by a quokka

Illustrated notes

Levels and vault maps discovered:
D:1:      dpeg_arrival_water_fire, layout_rooms, serial_shops,
          nicolae_shop_advertising_works [nicolae_subvault_shop_adworks],
          nicolae_ecumenical_snake_handling

Action                     || total
---------------------------++-------
  Melee: Unarmed           ||     3
   Cast: Summon Small Mamm ||     5
Ability: Hop               ||     1
  Dodge: Dodged            ||     3
